 Dungeon Crawl Stone Soup version 0.14-a0-663-gfc8c466 (webtiles) character file.

220 Malachi the Insei (level 5, -16/44 HPs)
             Began as a Naga Transmuter on Nov 6, 2013.
             Demolished by an orc wizard
             ... wielding a -1,+2 orcish dagger of electrocution
              (23 damage)
             ... on Level 4 of the Dungeon.
             The game lasted 00:05:29 (3531 turns).

Malachi the Insei (Naga Transmuter)                 Turns: 3531, Time: 00:05:30

HP -16/44        AC  2     Str 12      XL: 5   Next: 28%
MP   6/7         EV 10     Int 16      God:
Gold 74          SH  0     Dex 12      Spells:  3 memorised,  2 levels left

Res.Fire  : . . .   See Invis. : +     - Unarmed
Res.Cold  : . . .   Warding    : .   c - +0 robe
Life Prot.: . . .   Conserve   : +   (no shield)
Res.Poison: +       Res.Corr.  : .   (helmet restricted)
Res.Elec. : .       Clarity    : .   (no cloak)
Sust.Abil.: . .     Spirit.Shd : .   (no gloves)
Res.Mut.  : .       Stasis     : .   (no barding)
Res.Rott. : .       Flight     : .   w - amulet of conservation
Saprovore : . . .                    i - +2 ring of intelligence
                                     (no ring)

@: appendage, short of breath, very slow, slightly resistant to hostile
enchantments, unstealthy
A: spit poison, horns 2, see invisible, deformed body, poison resistance,
slowness 2, AC +1
a: Spit Poison, End Transformation


You were on level 4 of the Dungeon.
You were not hungry.
You had grown temporary horns.
You visited 1 branch of the dungeon, and saw 4 of its levels.

You collected 74 gold pieces.

Inventory:

Missiles
 b - 31 arrows
Armour
 c - a +0 robe (worn)
Comestibles
 a - 2 bread rations
 j - a rambutan
 o - a meat ration
 p - a pear
 A - a lemon
 F - a rotting chunk of quokka flesh
Scrolls
 f - a scroll of remove curse {unknown}
 h - a scroll of enchant armour {unknown}
 k - a scroll of curse armour {unknown}
 l - a scroll of curse jewellery {unknown}
 m - 2 scrolls of enchant weapon II {unknown}
 n - a scroll of enchant weapon I {unknown}
 u - a scroll of curse weapon {unknown}
 v - a scroll of amnesia {unknown}
 z - a scroll of teleportation {unknown}
 D - a scroll of identify
Jewellery
 i - a +2 ring of intelligence (right hand)
 w - an amulet of conservation (around neck)
 y - an uncursed ring of flight {unknown}
Potions
 e - a potion of restore abilities {unknown}
 g - a potion of speed {unknown}
 q - a potion of magic {unknown}
 r - 3 potions of curing {unknown}
 s - 3 potions of heal wounds {unknown}
 t - a potion of confusion {unknown}
 x - a potion of paralysis {unknown}
Books
 d - a book of Changes

   Spells                             Type                      Level
   *Beastly Appendage                 Transmutation                1
   *Sticks to Snakes                  Transmutation                2
   *Spider Form                       Transmutation/Poison         3
   Ice Form                           Ice/Transmutation            4
   Blade Hands                        Transmutation                5


   Skills:
 + Level 1.4 Fighting
 + Level 2.3 Dodging
 - Level 1.2 Stealth
 * Level 4.5 Unarmed Combat
 - Level 2.0 Spellcasting
 * Level 3.0 Transmutations


You had 2 spell levels left.
You knew the following spells:

 Your Spells              Type           Power        Failure   Level  Hunger
a - Beastly Appendage     Trmt           ##....       8%          1    #......
b - Sticks to Snakes      Trmt           ##........   10%         2    ###....
c - Spider Form           Trmt/Pois      #.........   34%         3    ####...


Dungeon Overview and Level Annotations

Branches:
Dungeon (4/27)
 Temple: D:4-7

Altars:
Cheibriados
Fedhas
Kikubaaqudgha
Okawaru
Sif Muna
Trog


Innate Abilities, Weirdness & Mutations

You cannot wear boots.
You can spit poison.
Your serpentine skin is tough (AC +1).*
You have supernaturally acute eyesight.
Armour fits poorly on your strangely shaped body.*
Your system is resistant to poisons.*
You cover ground very slowly.*
You have a pair of horns on your head.*


Message History

You closely miss the orc wizard. You headbutt the orc wizard.
The orc wizard is lightly wounded.
The orc wizard casts a spell at you. The puff of flame hits you!
The orc wizard points at you and mumbles some strange words.
The puff of flame hits you!
Unknown command.
Use which ability? (? or * to list)
Press: ? - help, Shift-Dir - straight line, f - orc wizard
Aim: an orc wizard, wielding a runed orcish dagger and wearing an orcish robe (lightly wounded, moving very quickly)
The splash of poison hits the orc wizard.
The orc wizard is lightly wounded.
You feel slightly more hungry.
The orc hits you with an orcish falchion.
* * * LOW HITPOINT WARNING * * *
The orc wizard hits you with a runed orcish dagger.
* * * LOW HITPOINT WARNING * * *
You are electrocuted!
Ouch! That really hurt!
You die...

##############
#............###### ..
##.................#
....#####..._..........###.###
<........._............#......
.......................#..)...
##.........⌠.._....##.#......
##..........@o.o...#.........
#####........_...o.#o..#....#.#..
..[................o.............
##..............###...#........>
#.#...........## #.........#.#.
#...######### #...##......#.
#...# ##..####.##... #...# #...
..##... #...# #..## ..# ...


You could see 2 orc wizards and 3 orcs.

Vanquished Creatures
  A scorpion (D:3)
  Jessica (D:3)
  6 adders
  A worm (D:2)
  A giant eyeball (D:3)
  A giant gecko (D:2)
  An orc (D:3)
  6 bats
  3 giant cockroaches (D:3)
  3 goblins
  4 hobgoblins (D:3)
  2 giant newts
  3 jackals (D:3)
  6 kobolds
  A quokka (D:3)
  4 rats
44 creatures vanquished.

Notes
Turn   | Place    | Note
--------------------------------------------------------------
     0 | D:1      | Malachi, the Naga Transmuter, began the quest for the Orb.
     0 | D:1      | Reached XP level 1. HP: 18/18 MP: 1/1
   373 | D:1      | Reached XP level 2. HP: 1/25 MP: 3/3
   668 | D:1      | Learned a level 2 spell: Sticks to Snakes
  1292 | D:2      | Reached XP level 3. HP: 11/31 MP: 2/4
  1536 | D:1      | Learned a level 3 spell: Spider Form
  1604 | D:2      | Reached skill level 1 in Stealth
  1688 | D:2      | Reached skill level 4 in Unarmed Combat
  1904 | D:2      | Found a blossoming altar of Fedhas.
  2072 | D:2      | Reached XP level 4. HP: 22/38 MP: 6/6
  2256 | D:2      | Found a bloodstained altar of Trog.
  2562 | D:3      | Paralysed by a giant eyeball for 3 turns
  2568 | D:3      | Paralysed by a giant eyeball for 3 turns
  2680 | D:3      | Noticed Jessica
  2687 | D:3      | Killed Jessica
  2687 | D:3      | Reached XP level 5. HP: 39/44 MP: 5/7
  3481 | D:4      | Found a deep blue altar of Sif Muna.
  3481 | D:4      | Found a snail-covered altar of Cheibriados.
  3485 | D:4      | Found a bloodstained altar of Trog.
  3485 | D:4      | Found an ancient bone altar of Kikubaaqudgha.
  3486 | D:4      | Found an iron altar of Okawaru.
  3531 | D:4      | Demolished by an orc wizard

Action                   |  1- 3 |  4- 6 || total
-------------------------+-------+-------++-------
Melee: Unarmed           |    76 |   120 ||   196
 Cast: Beastly Appendage |     4 |     4 ||     8
 Abil: Spit Poison       |    11 |     5 ||    16
  Use: Scroll            |       |     3 ||     3
 Stab: Sleeping          |       |     3 ||     3
